 Dungeon Crawl Stone Soup version 0.26-a0-1145-gf5f8a83f67 (webtiles) character file.

Game seed: 17264964539567948282

3530 Adamkad1 the Blocker (level 10, 63/63 HPs)
             Began as a Gargoyle Fighter on Dec 21, 2020.
             Was an Initiate of Gozag.
             Quit the game on level 9 of the Dungeon on Dec 22, 2020.
             The game lasted 00:12:33 (10815 turns).

Adamkad1 the Blocker (Gargoyle Fighter)            Turns: 10815, Time: 00:12:33

Health: 63/63      AC: 19    Str: 23    XL:     10   Next: 8%
Magic:  3/3        EV:  8    Int:  9    God:    Gozag
Gold:   669        SH: 11    Dex:  9    Spells: 9/9 levels left

rFire    . . .     SeeInvis .   M - +2 whip (antimagic)
rCold    . . .     Faith    .   c - +0 kite shield
rNeg     + . .     Spirit   .   b - +0 scale mail
rPois    ∞         Reflect  .   (no helmet)
rElec    +         Harm     .   C - scarf {+Inv}
rCorr    +         Rampage  .   (no gloves)
Will     .....                  (no boots)
Stlth    ..........             (no amulet)
HPRegen  0.20/turn              k - ring of resist corrosion
MPRegen  0.08/turn              w - +4 ring of protection

@: no status effects
A: negative energy resistance 1, electricity resistance, unbreathing,
petrification resistance, miasma immunity, AC +7
a: Renounce Religion, Evoke Invisibility, Potion Petition, Call Merchant, Bribe
Branch


You were on level 9 of the Dungeon.
You worshipped Gozag.
Gozag was pleased with you.
You visited 2 branches of the dungeon, and saw 10 of its levels.

You collected 1009 gold pieces.
You spent 180 gold pieces at shops.
You paid 160 gold pieces to Gozag.

Inventory:

Hand Weapons
 a - a +1 flail
 v - a +0 whip of freezing
 I - a +2 mace of protection
 M - a +2 antimagic whip (weapon)
Armour
 b - a +0 scale mail (worn)
 c - a +0 kite shield (worn)
 u - a +2 tower shield
 C - a scarf of invisibility (worn)
Jewellery
 k - a ring of resist corrosion (left hand)
 w - a +4 ring of protection (right hand)
Wands
 x - a wand of digging (8)
 y - a wand of random effects (26)
 L - a wand of polymorph (9)
 O - a wand of disintegration (3)
Scrolls
 h - 2 scrolls of remove curse
 i - a scroll of enchant weapon
 j - 3 scrolls of identify
 o - 4 scrolls of enchant armour {unknown}
 p - 2 scrolls of noise {unknown}
 q - 2 scrolls of immolation {unknown}
 r - 2 scrolls of blinking {unknown}
 A - a scroll of amnesia {unknown}
 E - a scroll of random uselessness {unknown}
 G - 2 scrolls of fear {unknown}
 H - a scroll of silence {unknown}
 K - a scroll of magic mapping {unknown}
 N - a scroll of teleportation {unknown}
Potions
 d - 2 potions of might
 e - 2 potions of attraction {unknown}
 f - 2 potions of resistance {unknown}
 g - a potion of invisibility
 l - a potion of mutation {unknown}
 m - 2 potions of curing
 n - 5 potions of degeneration {unknown}
 s - a potion of berserk rage {unknown}
 t - 2 potions of lignification {unknown}
 z - 2 potions of flight {unknown}
 B - a potion of cancellation {unknown}
 D - a potion of brilliance {unknown}
 F - a potion of heal wounds {unknown}
 J - 2 potions of magic {unknown}


   Skills:
 + Level 7.0 Fighting
 * Level 8.5 Maces & Flails
 + Level 7.1 Armour
 * Level 9.4 Shields


You had 9 spell levels left.
You didn't know any spells.
Your spell library was empty.

Dungeon Overview and Level Annotations

Branches:
Dungeon (9/15)             Temple (1/1) D:4
   Lair: D:8-11         Orc: D:9-12

Altars:
Ashenzari
Cheibriados
Dithmenos
Elyvilon
Fedhas
Gozag
Hepliaklqana
Kikubaaqudgha
Makhleb
Nemelex Xobeh
Okawaru
Qazlal
Ru
Sif Muna
Trog
Uskayaw
Vehumet
Wu Jian
Xom
Yredelemnul
The Shining One
Lugonu

Shops:
D:4 *


Innate Abilities, Weirdness & Mutations

You are resistant to torment.
Your stone body is resilient. (AC +7)
You are immune to poison.
You resist negative energy. (rN+)
You are resistant to electric shocks. (rElec)
You can survive without breathing.
You are immune to petrification.
You are immune to miasma.


Message History

No target in view!
No target in view!
Done exploring.
No target in view!
Done exploring.
No target in view!
Done exploring.
No target in view!
You see here a fine trident.
Things that are here:
an uncursed amulet of inaccuracy; a cloak; a +0 cloak
There is a stone staircase leading down here.
You climb downwards.
Found a scroll of identify.
Found a stone staircase leading down.
There is a stone staircase leading up here.
Saving game... please wait.
Welcome back, Adamkad1 the Gargoyle Fighter.
Gozag says: Greed is good.
Press ? for a list of commands and other information.
Are you sure you want to abandon this character and quit the game? (Confirm with "yes".)

...#.....#
#.........
#.......#
+......?#
#.......##
#.........
#.........
#.@.......
#>##......
... ....#
#... ...#
#.#. ...
..#. .. +.
#. . $ #.
#.


There were no monsters in sight!

Vanquished Creatures
  Pikel (D:4)
  A water moccasin (D:7)
  A sky beast (D:8)
  2 ice beasts
  5 orc warriors
  2 phantoms
  A necrophage (D:6)
  A centaur (D:8)
  3 lemures
  A big kobold (D:7)
  5 bullfrogs
  A gnoll sergeant (D:8)
  2 scorpions
  6 howler monkeys
  Crazy Yiuf (D:4)
  3 hounds
  4 orc priests
  A centaur skeleton (D:6)
  3 jellies (D:7)
  3 orc wizards
  2 bullfrog skeletons (D:8)
  A gnoll shaman (D:7)
  Jessica (D:3)
  2 iguanas
  4 worker ants
  2 hound skeletons
  11 adders
  17 gnolls
  A shadow imp (D:5)
  2 white imps
  3 ufetubi
  An adder zombie (D:7)
  2 adder skeletons
  A dart slug (D:2)
  A leopard gecko (D:3)
  28 orcs
  7 bats
  2 giant cockroaches
  8 goblins
  10 hobgoblins
  14 kobolds
  3 quokkas
  A ball python (D:5)
  A ball python skeleton (D:4)
  7 frilled lizards
  A quokka skeleton (D:4)
  7 rats
  2 butterflies (D:8)
189 creatures vanquished.

Vanquished Creatures (others)
  2 plants (D:4)
2 creatures vanquished.

Grand Total: 191 creatures vanquished

Notes
Turn   | Place    | Note
-------+----------+-------------------------------------------
     0 | D:1      | Adamkad1 the Gargoyle Fighter began the quest for the Orb.
     0 | D:1      | Reached XP level 1. HP: 14/14 MP: 1/1
    63 | D:1      | Reached XP level 2. HP: 18/19 MP: 2/2
   461 | D:1      | Reached XP level 3. HP: 23/23 MP: 3/3
   776 | D:2      | Found a shadowy altar of Dithmenos.
   872 | D:2      | Reached skill level 4 in Shields
   872 | D:2      | Reached XP level 4. HP: 24/29 MP: 4/4
  1957 | D:3      | Found a radiant altar of Vehumet.
  1987 | D:3      | Reached XP level 5. HP: 24/33 MP: 5/5
  2198 | D:3      | Found a sparkling altar of Nemelex Xobeh.
  2507 | D:3      | Found a hide-covered altar of Uskayaw.
  2561 | D:3      | Noticed Jessica
  2580 | D:3      | Killed Jessica
  2581 | D:3      | Reached XP level 6. HP: 38/38 MP: 6/6
  2586 | D:3      | Found a shimmering blue altar of Sif Muna.
  2832 | D:4      | Reached skill level 5 in Shields
  2832 | D:4      | Found a burning altar of Makhleb.
  2904 | D:4      | Found a staircase to the Ecumenical Temple.
  3115 | D:4      | Found a runed translucent door.
  3116 | D:4      | Noticed Crazy Yiuf
  3248 | D:4      | Reached XP level 7. HP: 41/44 MP: 7/7
  3502 | Temple   | Entered the Ecumenical Temple
  3885 | D:4      | Found Nodeset's Assorted Antiques.
  3908 | D:4      | Bought a shiny tower shield for 180 gold pieces
  3937 | D:4      | Noticed Pikel
  3966 | D:4      | Killed Pikel
  3967 | D:4      | Reached skill level 5 in Fighting
  3967 | D:4      | Reached skill level 5 in Maces & Flails
  3967 | D:4      | Reached skill level 5 in Armour
  3967 | D:4      | Reached skill level 6 in Shields
  3967 | D:4      | Reached XP level 8. HP: 11/49 MP: 8/8
  4698 | D:4      | Paralysed by Crazy Yiuf for 5 turns
  4706 | D:4      | Killed Crazy Yiuf
  4838 | D:5      | Entered Level 5 of the Dungeon
  5914 | D:6      | Reached skill level 7 in Shields
  6071 | D:6      | Found a bloodstained altar of Trog.
  6127 | D:6      | Found an opulent altar of Gozag.
  6219 | D:6      | Became a worshipper of Gozag Ym Sagoz the Greedy
  7320 | D:6      | Reached XP level 9. HP: 53/55 MP: 9/9
  7453 | D:7      | Found a basalt altar of Yredelemnul.
  7727 | D:7      | Reached skill level 8 in Shields
  9137 | D:7      | Got a bone falchion
  9138 | D:7      | Identified the +6 falchion "Wemixu" {freeze, rN+ Int+5}
                  | (You found it on level 7 of the Dungeon)
  9556 | D:8      | Found an iron altar of Okawaru.
  9557 | D:8      | Found a blossoming altar of Fedhas.
  9557 | D:8      | Found a glowing golden altar of the Shining One.
  9718 | D:8      | Reached skill level 9 in Shields
 10142 | D:8      | Reached XP level 10. HP: 56/61 MP: 3/10
 10338 | D:8      | Found a shimmering altar of Xom.
 10693 | D:8      | Found a white marble altar of Elyvilon.
 10815 | D:9      | Upgraded the game from 0.26-a0-1138-gef23d1325b to
                  | 0.26-a0-1145-gf5f8a83f67
 10815 | D:9      | Quit the game

Illustrated notes

Levels and vault maps discovered:
D:1:      doesnt_arrival_eight_statues, layout_basic, st_stairs_7
D:2:      layout_basic, nicolae_dithmenos_shadow_blocks, nrook_mini_backslash
D:3:      cheibrodos_helix_gallery, layout_loops_ring,
          nemelex_xobeh_ov_fountains_minmay, tgw_sif,
          eat_drink_and_be_merry_uskayaw, lemuel_crystal_altar
D:4:      layout_basic, makhleb_heckhound_becter,
          minmay_temple_entry_gardened_gates, serial_shops,
          nicolae_shop_window_shopping, uniq_pikel, uniq_crazy_yiuf_cottage
D:5:      kennysheep_spiral_hall, layout_basic, kennysheep_cross_room,
          lemuel_flame_loot_1
D:6:      layout_basic, grunt_gozag_statues, trog_book
D:7:      minmay_bubble_buster, layout_basic, overflow_temple_1_default
D:8:      layout_basic, lemuel_round_altar, xom_butterflies,
          grunt_temple_overflow_open
D:9:      layout_stronghold, general_overflow_altar, elyvilon_altar_5
Temple:   corrupted_temple

Skill      XL: |  1  2  3  4  5  6  7  8  9 10 |
---------------+-------------------------------+-----
Shields        | 4 5 6 7 9 |  9.4
Maces & Flails | 3 4 5 6 8 |  8.5
Fighting       | 4 5 6 7 |  7.0
Armour         | 4 5 6 7 |  7.1

Action                   |  1- 3 |  4- 6 |  7- 9 | 10-12 || total
-------------------------+-------+-------+-------+-------++-------
Melee: Flail             |   117 |   249 |    85 |       ||   451
       Whip              |       |       |   714 |    50 ||   764
  Use: Scroll            |       |       |     6 |       ||     6
       Potion            |       |       |     3 |       ||     3
 Stab: Distracted        |       |       |     1 |     1 ||     2
Armor: Scale mail        |    60 |   121 |   277 |     9 ||   467
Dodge: Dodged            |    50 |    71 |   146 |     7 ||   274
Block: Kite shield       |    73 |   114 |   319 |    16 ||   522

Table legend: (Time is in decaauts)
 A = Elapsed time spent in this place.
 B = Non-inter-level travel time spent in this place.
 C = Inter-level travel time spent in this place.
 D = Time resting spent in this place.
 E = Time spent auto-exploring this place.
 F = Levels seen in this place.
 G = Mean time per level.
                   A        B        C        D        E       F      G
               +--------+--------+--------+--------+--------+-----+--------+
         Total |  10785 |  10411 |    374 |   2607 |   5581 |  10 | 1078.5 |
       Dungeon |  10467 |  10101 |    366 |   2362 |   5562 |   9 | 1163.0 |
        Temple |    317 |    309 |      8 |    245 |     19 |   1 |  317.0 |
               +--------+--------+--------+--------+--------+-----+--------+

Top non-repeatable levels by time:
     D:7: 1820 daAuts
     D:4: 1730 daAuts
     D:5: 1420 daAuts
     D:8: 1325 daAuts
     D:6: 1258 daAuts
     D:2: 1234 daAuts
     D:3: 1051 daAuts
     D:1: 625 daAuts
  Temple: 317 daAuts
     D:9: 0 daAuts
